 Dungeon Crawl Stone Soup version 0.15.1-3-g1b33baa (webtiles) character file.

44 Johnny the Chiller (level 3, 0/27 HPs)
             Began as a Demigod Ice Elementalist on Oct 11, 2014.
             Slain by a worm (7 damage)
             ... on Level 2 of the Dungeon.
             The game lasted 00:03:05 (1568 turns).

Johnny the Chiller (Demigod Ice Elementalist)       Turns: 1568, Time: 00:03:06

HP   0/27        AC  5     Str 11      XL: 3   Next: 23%
MP   5/8         EV  9     Int 20      God:
Gold 192         SH  0     Dex 17      Spells:  1 memorised,  5 levels left

rFire  . . .     SeeInvis .     p - +0 falchion
rCold  . . .     Clarity  .     q - +0 ring mail
rNeg   . . .     rCorr    .     (no shield)
rPois  .         rRot     .     (no helmet)
rElec  .         Spirit   .     (no cloak)
SustAb .         Warding  .     (no gloves)
rMut   .         Stasis   .     (no boots)
Gourm  .                        (no amulet)
MR     .....                    (no ring)
                                (no ring)

@: very slightly contaminated, not resistant to hostile enchantments, unstealthy
A: no striking features
a: no special abilities


You were on level 2 of the Dungeon.
You were hungry.

You visited 1 branch of the dungeon, and saw 2 of its levels.

You collected 192 gold pieces.

Inventory:

Hand weapons
 f - a +0 mace
 p - a +0 falchion (weapon)
Armour
 a - a +0 robe
 q - a +0 ring mail (worn)
Comestibles
 c - 3 bread rations
 g - 2 meat rations
 l - 2 slices of pizza
Scrolls
 e - 2 scrolls of identify {unknown}
 h - 2 scrolls of remove curse {unknown}
 i - 3 scrolls of enchant weapon {unknown}
 j - a scroll of noise {unknown}
 o - 2 scrolls of teleportation {unknown}
 r - a scroll of enchant armour {unknown}
 t - a scroll of magic mapping {unknown}
Jewellery
 m - an uncursed ring of ice {unknown}
 n - an uncursed ring of stealth {unknown}
Potions
 d - a potion of might {unknown}
 k - 2 potions of curing {unknown}
 s - a potion of cancellation {unknown}
 u - a potion of restore abilities {unknown}
 v - 2 potions of agility {unknown}
Books
 b - a book of Frost

   Spells                             Type                      Level
   *Freeze                            Ice                          1
   Throw Frost                        Conjuration/Ice              2
   Ozocubu's Armour                   Charms/Ice                   3
   Throw Icicle                       Conjuration/Ice              4
   Summon Ice Beast                   Ice/Summoning                4
   Condensation Shield                Ice                          4


   Skills:
 * Level 0.8 Fighting
 + Level 0.8 Armour
 + Level 1.9 Dodging
 + Level 2.1 Stealth
 * Level 2.2 Spellcasting
   Level 0.8 Conjurations
 * Level 3.1 Ice Magic


You had 5 spell levels left.
You knew the following spells:

 Your Spells              Type           Power        Failure   Level  Hunger
a - Freeze                Ice            ##..         10%         1    #......


Dungeon Overview and Level Annotations

Branches:
Dungeon (2/15)


Message History

The kobold throws a stone.
The stone closely misses you. The worm bites you!
* * * LOW HITPOINT WARNING * * *
Casting: Freeze
Confirm with . or Enter, or press ? or * to list all spells.
Aiming: Freeze
Press: ? - help, Shift-Dir - straight line, f/p - worm
Aim: a worm (heavily wounded)
You freeze the worm.
The worm is heavily wounded.
The kobold throws a stone.
The stone hits you but does no damage.
Casting: Freeze
Confirm with . or Enter, or press ? or * to list all spells.
Aiming: Freeze
Press: ? - help, Shift-Dir - straight line, f/p - worm
Aim: a worm (heavily wounded)
You miscast Freeze.
You are very lightly contaminated with residual magic.
Frost spreads across the the floor.
The kobold throws a stone.
The stone barely misses you. The worm bites you!
You die...

#.#........#.#.
#.#........# . #
........... # #K
#.#.#####.## # #.#
...### #.# # ##..#
###....###.####
##....###...........##.
#.........##........##.
#.....@#####.........#.
#.....w# #...........
#......# #........#..
#(.....# #........##.
##....## #........##.
##<.# #........### ###
########## #


You could see a worm and a kobold.

Vanquished Creatures
  A worm (D:2)
  2 giant geckos (D:1)
  2 giant cockroaches (D:1)
  A goblin (D:1)
  7 hobgoblins
  3 jackals (D:1)
  3 kobolds (D:1)
  A quokka (D:2)
  6 bats (D:1)
  2 giant newts (D:1)
  4 rats (D:1)
32 creatures vanquished.

Notes
Turn   | Place    | Note
--------------------------------------------------------------
     0 | D:1      | Johnny, the Demigod Ice Elementalist, began the quest for the Orb.
     0 | D:1      | Reached XP level 1. HP: 14/14 MP: 3/3
   267 | D:1      | Found an iron altar of Okawaru.
   278 | D:1      | Reached XP level 2. HP: 5/22 MP: 1/5
  1164 | D:1      | Reached skill level 3 in Ice Magic
  1164 | D:1      | Reached XP level 3. HP: 23/27 MP: 0/8
  1568 | D:2      | Slain by a worm

Action                   || total
-------------------------++-------
Melee: Mace              ||    45
       Unarmed           ||     2
       Falchion          ||    28
 Cast: Freeze            ||    37
  Eat: Chunk             ||     2
